[Event "Titled Tuesday Blitz August 3 2021"]
[White "Tsaruk, Maksim"]
[Black "Vlassov, Nikolai"]
[WhiteFideId "13511173"]
[BlackFideId "4103360"]
[WhiteElo "2184"]
[BlackElo "2407"]
[Result "1-0"]
[Round "05"]
[TimeControl "180+1"]
[Date "2021.08.03"]
[WhiteClock "0:01:21"]
[BlackClock "0:00:06"]

1. e4 Nc6 2. d4 d5 3. exd5 Qxd5 4. Nf3 Bg4 5. Be2 O-O-O 6. Nc3 Qh5 7. h3 Nf6 8. O-O Nxd4 9. Nxd4 Bxe2 10. Ncxe2 e5 11. Be3 Nd5 12. Nb5 a6 13. Na7+ Kb8 14. c4 Bc5 15. cxd5 Bxe3 16. fxe3 Kxa7 17. Nc3 Qg5 18. Qf3 Rd7 19. e4 Rf8 20. Qf5 Qxf5 21. Rxf5 f6 22. Raf1 c6 23. Rxe5 fxe5 24. Rxf8 1-0


[Site "https://www.chess.com"]

[Event "Titled Tuesday Blitz August 3 2021"]
[White "Wyde, David"]
[Black "Florescu, Codrut-Constantin"]
[WhiteFideId "2028107"]
[BlackFideId "1202200"]
[WhiteElo "2394"]
[BlackElo "2243"]
[Result "1/2-1/2"]
[Round "05"]
[TimeControl "180+1"]
[Date "2021.08.03"]
[WhiteClock "0:00:04"]
[BlackClock "0:00:29"]

1. d4 Nf6 2. c4 e6 3. Nc3 Bb4 4. e3 b6 5. Bd3 Bb7 6. Nf3 Ne4 7. Qc2 f5 8. O-O Bxc3 9. bxc3 O-O 10. Ne1 Rf6 11. f3 Ng5 12. e4 fxe4 13. Bxg5 exd3 14. Nxd3 Nc6 15. Ne5 Na5 16. Ng4 Nxc4 17. Qe2 Nd6 18. Qe5 Ne8 19. Bxf6 Nxf6 20. Nxf6+ gxf6 21. Qf4 Kh8 22. Rfe1 Rc8 23. c4 Qf8 24. Rad1 Qg7 25. Kh1 Rg8 26. Re2 d6 27. Rdd2 e5 28. dxe5 fxe5 29. Qe3 Rf8 30. Rf2 Qf6 31. Rf1 a5 32. Kg1 Qf4 33. Qxf4 Rxf4 34. Rc1 Kg7 35. Kf2 Ba6 36. Rdc2 Rd4 37. Ke3 Kf6 38. g3 h5 39. f4 c5 40. fxe5+ Kxe5 41. Rf2 Bxc4 42. Rf4 Rd3+ 43. Kf2 Bxa2 44. Rh4 d5 45. Rxh5+ Kd4 46. Rh6 Rb3 47. h4 Rb2+ 48. Kf3 Kd3 49. h5 d4 50. Rd6 Rh2 51. Kg4 Kd2 52. Ra1 Bb3 53. Rxb6 c4 54. h6 d3 55. Rxa5 Bc2 56. Rc5 Bd1+ 57. Kg5 c3 58. Rbc6 Rh5+ 59. Kg6 Rh3 60. Rxc3 Rxg3+ 61. Kf7 Ba4 62. Rc7 Rf3+ 63. Kg8 Rg3+ 64. Kf8 Rf3+ 65. Ke7 Rh3 66. R3c4 Bb3 67. R4c6 Ke2 68. Rf6 d2 69. Rd7 d1=Q 70. Rxd1 Bxd1 71. Kf8 Bc2 72. Kg7 Ke3 73. Rf8 Rg3+ 74. Kh8 Rh3 75. Kg7 Kd4 76. Rh8 Ke5 77. h7 Rg3+ 78. Kf8 Rh3 79. Kg7 Rg3+ 80. Kh6 Rh3+ 81. Kg7 1/2-1/2


[Site "https://www.chess.com"]

[Event "Titled Tuesday Blitz August 3 2021"]
[White "Zhuravlev, Alexey"]
[Black "Vasquez Schroeder, Rodrigo"]
[WhiteFideId "4164199"]
[BlackFideId "3400042"]
[WhiteElo "2461"]
[BlackElo "2572"]
[Result "0-1"]
[Round "05"]
[TimeControl "180+1"]
[Date "2021.08.03"]
[WhiteClock "0:00:01"]
[BlackClock "0:00:04"]

1. e4 e5 2. Nf3 Nc6 3. Bc4 Bc5 4. c3 Nf6 5. d4 exd4 6. cxd4 Bb4+ 7. Nc3 Nxe4 8. O-O Bxc3 9. d5 Bf6 10. Re1 Ne7 11. Rxe4 d6 12. Bg5 Bxg5 13. Nxg5 h6 14. Qa4+ Bd7 15. Qb3 O-O 16. Rae1 Re8 17. Qxb7 Rb8 18. Qxa7 Rxb2 19. Qd4 Rb4 20. Nf3 Bb5 21. Qc3 Rxc4 22. Rxc4 Nxd5 23. Rxe8+ Qxe8 24. Qd4 Bxc4 25. Qxc4 Qa8 26. h4 c5 27. a4 Nb6 28. Qd3 d5 29. Ne5 Nxa4 30. Qb5 Nc3 31. Qxc5 Ne2+ 32. Kh2 Qe8 33. Qxd5 Nf4 34. Qd4 Ne6 35. Qd6 f6 36. Nf3 h5 37. Qd5 Qf7 38. g3 Nf8 39. Qf5 Ne6 40. Ng1 Nf8 41. Ne2 g6 42. Qc8 Kg7 43. Nf4 g5 44. hxg5 fxg5 45. Qc3+ Kh7 46. Nh3 Kg6 47. Qd3+ Qf5 48. Qd6+ Ne6 49. Kg2 Kf7 50. Qd7+ Kf6 51. Qd6 g4 52. Nf4 Kf7 53. Qd7+ Kf6 54. Nd5+ Ke5 55. Ne3 Qe4+ 56. Kg1 Nd4 57. Qe7+ Ne6 58. Qa7 Qb1+ 59. Kg2 Qe4+ 60. Kg1 Kf6 61. Qa5 Nd4 62. Qb6+ Kf7 63. Qc7+ Ke6 0-1


[Site "https://www.chess.com"]

[Event "Titled Tuesday Blitz August 3 2021"]
[White "Zia, Tahsin Tajwar"]
[Black "Pinheiro, Iung Alicio de O."]
[WhiteFideId "10211888"]
[BlackFideId "2104350"]
[WhiteElo "1800"]
[BlackElo "2531"]
[Result "0-1"]
[Round "05"]
[TimeControl "180+1"]
[Date "2021.08.03"]
[WhiteClock "0:00:02"]
[BlackClock "0:01:07"]

1. d4 Nf6 2. c4 g6 3. g3 Bg7 4. Bg2 O-O 5. Nc3 d6 6. Nf3 Bf5 7. O-O Ne4 8. Nh4 Nxc3 9. bxc3 Bc8 10. e4 c5 11. Be3 Qa5 12. Qd3 Nc6 13. Rfd1 Bg4 14. f3 Be6 15. f4 Bg4 16. Bf3 Bxf3 17. Nxf3 Qa3 18. Bc1 Qa4 19. Be3 b6 20. Kg2 Rac8 21. e5 cxd4 22. cxd4 Na5 23. Nd2 Nxc4 24. Nxc4 Rxc4 25. Rdc1 Rfc8 26. Bd2 d5 27. g4 Rxc1 28. Rxc1 Rxc1 29. Bxc1 Qxa2+ 30. Bd2 e6 31. Qc3 Qc4 32. Qa3 Qe2+ 0-1


[Site "https://www.chess.com"]

[Event "Titled Tuesday Blitz August 3 2021"]
[White "Zubov, Alexander"]
[Black "He, Anthony"]
[WhiteFideId "14109409"]
[BlackFideId "2088215"]
[WhiteElo "2740"]
[BlackElo "2353"]
[Result "1-0"]
[Round "05"]
[TimeControl "180+1"]
[Date "2021.08.03"]
[WhiteClock "0:00:06"]
[BlackClock "0:00:01"]

1. d4 Nf6 2. c4 g6 3. Nc3 d5 4. e3 Bg7 5. Qb3 c6 6. Nf3 O-O 7. Be2 a6 8. a4 e6 9. a5 Nbd7 10. O-O Re8 11. Rd1 Qe7 12. Qc2 dxc4 13. Bxc4 e5 14. Ng5 Rf8 15. b3 Nd5 16. Nge4 exd4 17. exd4 Nb4 18. Qd2 Nf6 19. Nxf6+ Qxf6 20. Ba3 c5 21. Ne4 Qh4 22. Nxc5 Nc6 23. Bb2 Rd8 24. d5 Ne5 25. Ra4 Bg4 26. Be2 Qh5 27. Bxg4 Nxg4 28. h3 Nxf2 29. Rf1 Bxb2 30. Qxb2 Rxd5 31. Qxf2 Rxc5 32. Qxf7+ Kh8 33. Qf6+ Kg8 34. Re4 Rc7 35. Qe6+ Kh8 36. Qf6+ Kg8 37. Qe6+ Kh8 38. Ref4 Qc5+ 39. Kh1 Qe7 40. Qg4 Re8 41. h4 Qe5 42. Qf3 1-0


[Site "https://www.chess.com"]

[Event "Titled Tuesday Blitz August 3 2021"]
[White "Abdusattorov, Nodirbek"]
[Black "Le, Tuan Minh"]
[WhiteFideId "14204118"]
[BlackFideId "12401153"]
[WhiteElo "2662"]
[BlackElo "2450"]
[Result "0-1"]
[Round "06"]
[TimeControl "180+1"]
[Date "2021.08.03"]
[WhiteClock "0:00:01"]
[BlackClock "0:00:10"]

1. e4 c5 2. Nf3 Nf6 3. Nc3 d5 4. exd5 Nxd5 5. Bb5+ Bd7 6. Bc4 Nb6 7. Be2 Nc6 8. O-O Bf5 9. Bb5 Bd7 10. d4 cxd4 11. Nxd4 Nxd4 12. Qxd4 Bxb5 13. Nxb5 Qxd4 14. Nxd4 Rc8 15. b3 e5 16. Nf3 Rxc2 17. Nxe5 Be7 18. Be3 Bf6 19. Rac1 Rxc1 20. Rxc1 Bxe5 21. Bxb6 Kd7 22. Be3 a6 23. Kf1 Rc8 24. Rxc8 Kxc8 25. f4 Bd6 26. Ke2 f5 27. Kd3 Kd7 28. Kc4 Kc6 29. g3 b5+ 30. Kd3 Kd5 31. h3 h5 32. h4 g6 33. Bd4 a5 34. Bb6 a4 35. bxa4 bxa4 36. Bd4 Bb4 37. Bf2 Ba5 38. Ke2 Kc4 39. Be3 Bb4 40. Bf2 Bc3 41. Bb6 Kb4 42. Bf2 Ka3 43. Kd3 Bf6 44. Kc2 Kxa2 45. Bc5 Bd8 46. Bf2 Ba5 47. Be3 Be1 0-1


[Site "https://www.chess.com"]

[Event "Titled Tuesday Blitz August 3 2021"]
[White "Alavi, Sayed Javad"]
[Black "Hjartarson, Johann"]
[WhiteFideId "12500607"]
[BlackFideId "2300044"]
[WhiteElo "2495"]
[BlackElo "2502"]
[Result "1-0"]
[Round "06"]
[TimeControl "180+1"]
[Date "2021.08.03"]
[WhiteClock "0:00:23"]
[BlackClock "0:00:17"]

1. e4 g6 2. d4 Bg7 3. c3 d6 4. Bc4 Nf6 5. Qe2 O-O 6. Nf3 Nc6 7. e5 dxe5 8. dxe5 Nd5 9. h3 Nb6 10. Bb3 Bf5 11. e6 f6 12. Bf4 a5 13. a4 Bd3 14. Qe3 Nd5 15. Qxd3 Nxf4 16. Qe4 Nd3+ 17. Ke2 Nc5 18. Qc4 b6 19. Rd1 Qc8 20. Na3 Kh8 21. Nb5 Rd8 22. Rxd8+ Nxd8 23. Nbd4 Qb7 24. Kf1 f5 25. Re1 Bf6 26. Bc2 Kg7 27. Kg1 Nc6 28. Nxc6 Qxc6 29. Nd4 Qb7 30. Bd1 Rd8 31. Bf3 Qa6 32. Nb5 Nd3 33. Qxc7 Nxe1 34. Qxd8 Nxf3+ 35. gxf3 Qb7 36. Kg2 Qc6 37. Nc7 Qc4 38. Ne8+ 1-0


[Site "https://www.chess.com"]

[Event "Titled Tuesday Blitz August 3 2021"]
[White "Ambartsumova, Karina"]
[Black "Gallegos Diaz, Carlos Alberto"]
[WhiteFideId "4166299"]
[BlackFideId "3900886"]
[WhiteElo "2262"]
[BlackElo "2362"]
[Result "1-0"]
[Round "06"]
[TimeControl "180+1"]
[Date "2021.08.03"]
[WhiteClock "0:00:09"]
[BlackClock "0:00:03"]

1. c4 d6 2. d4 Nf6 3. Nf3 Nbd7 4. Nc3 e5 5. e4 Be7 6. Be2 O-O 7. O-O exd4 8. Nxd4 Re8 9. Qc2 Bf8 10. f3 c6 11. Kh1 h6 12. Rd1 Qc7 13. Bf1 Ne5 14. Be3 Bd7 15. Rac1 Rad8 16. a3 Bc8 17. b4 a6 18. Bg1 g6 19. Qb3 c5 20. Nc2 Be6 21. Ne3 cxb4 22. axb4 b5 23. Ncd5 Bxd5 24. cxd5 Qb7 25. Nc2 Rc8 26. Nd4 Bg7 27. Bf2 Nfd7 28. h3 Nb6 29. f4 Nec4 30. Bd3 g5 31. fxg5 hxg5 32. Nf5 Be5 33. Qa2 f6 34. Qe2 Qh7 35. Qg4 Nb2 36. Rxc8 Rxc8 37. Bxb6 Nxd1 38. Qxd1 Qd7 39. Bg1 Kf8 40. Qh5 Qf7 41. Qh8+ Qg8 42. Qh6+ Ke8 43. Be2 Kd7 44. Bg4 Kc7 45. Ne7 Qf8 46. Qh7 Re8 47. Ng6+ 1-0


[Site "https://www.chess.com"]

[Event "Titled Tuesday Blitz August 3 2021"]
[White "Andrews, Todd"]
[Black "Lee, Qing Aun"]
[WhiteFideId "2012456"]
[BlackFideId "5804167"]
[WhiteElo "2430"]
[BlackElo "2023"]
[Result "1-0"]
[Round "06"]
[TimeControl "180+1"]
[Date "2021.08.03"]
[WhiteClock "0:00:05"]
[BlackClock "0:00:02"]

1. d4 Nf6 2. c4 c5 3. d5 b5 4. cxb5 a6 5. b6 Qxb6 6. Nc3 e6 7. e4 Bb7 8. Nf3 Qb4 9. a3 Qa5 10. Bd2 Qc7 11. Bc4 Be7 12. O-O O-O 13. Bg5 e5 14. Rc1 d6 15. Nh4 g6 16. f4 Ne8 17. Qg4 exf4 18. Rxf4 Bxg5 19. Qxg5 Ng7 20. Rcf1 Nd7 21. Qh6 Ne5 22. Be2 Qe7 23. Nf3 Nh5 24. Rh4 Nxf3+ 25. Rxf3 Qxh4 26. Rh3 Qe1+ 27. Bf1 f6 28. g4 Rf7 29. gxh5 gxh5 30. Rg3+ Kh8 31. Qxh5 Rg7 32. Rxg7 Kxg7 33. Qg4+ Kh8 34. Qf3 Rg8+ 35. Kh1 Rg6 36. Ne2 Bc8 37. Nf4 Rh6 38. Ne6 Bxe6 39. dxe6 Qd2 40. Qg3 Qd4 41. Qg2 Qe5 42. Qd2 Qxe6 43. Qxh6 Qxe4+ 44. Kg1 Qg4+ 45. Bg2 Qd1+ 46. Kf2 Qd4+ 47. Kg3 Qd3+ 48. Bf3 Qf5 49. Qf8# 1-0


[Site "https://www.chess.com"]

[Event "Titled Tuesday Blitz August 3 2021"]
[White "Anuj Shrivatri"]
[Black "Grinblat, Dmitry"]
[WhiteFideId "35070924"]
[BlackFideId "4163257"]
[WhiteElo "2038"]
[BlackElo "2482"]
[Result "1-0"]
[Round "06"]
[TimeControl "180+1"]
[Date "2021.08.03"]
[WhiteClock "0:02:12"]
[BlackClock "0:01:34"]

1. c4 Nf6 2. g3 e6 3. Bg2 d5 4. Nf3 Be7 5. O-O O-O 6. d4 dxc4 7. Qc2 a6 8. a4 Nc6 9. Qxc4 Qd5 10. Nbd2 Rd8 11. e3 Qxc4 12. Nxc4 Nb4 13. Bd2 Rb8 14. Rfd1 Bd7 15. Nfe5 Be8 16. b3 Nfd5 17. e4 Nf6 18. Bc3 b5 19. axb5 axb5 20. Na5 Nc2 21. Rac1 b4 22. Bb2 1-0


[Site "https://www.chess.com"]

[Event "Titled Tuesday Blitz August 3 2021"]
[White "Arabidze, Meri"]
[Black "Rottenwohrer Suarez, Juan"]
[WhiteFideId "13604040"]
[BlackFideId "32068182"]
[WhiteElo "2432"]
[BlackElo "2158"]
[Result "1-0"]
[Round "06"]
[TimeControl "180+1"]
[Date "2021.08.03"]
[WhiteClock "0:02:14"]
[BlackClock "0:00:26"]

1. Nf3 Nf6 2. d4 g6 3. g3 Bg7 4. Bg2 O-O 5. O-O b6 6. a4 Bb7 7. a5 d6 8. Nc3 Nbd7 9. a6 Bc8 10. Ne5 dxe5 11. Bxa8 Bxa6 12. Rxa6 Qxa8 13. dxe5 Nxe5 14. Bf4 Nh5 15. Bxe5 Bxe5 16. Qd5 Qxd5 17. Nxd5 Bxb2 18. Nxe7+ Kg7 19. Rxa7 Be5 20. Nc6 Bd6 21. e4 Re8 22. e5 Bxe5 23. Nxe5 Rxe5 24. Rxc7 Nf6 25. Ra1 Nd5 26. Rb7 h5 27. Raa7 Rf5 28. c4 Nb4 29. Rxb6 Nd3 30. f4 Nb2 31. Rxb2 1-0


[Site "https://www.chess.com"]

[Event "Titled Tuesday Blitz August 3 2021"]
[White "Ashiev, Eduard"]
[Black "Flores Quillas, Diego Saul Rodri"]
[WhiteFideId "4130090"]
[BlackFideId "3822508"]
[WhiteElo "2106"]
[BlackElo "2071"]
[Result "1-0"]
[Round "06"]
[TimeControl "180+1"]
[Date "2021.08.03"]
[WhiteClock "0:00:06"]
[BlackClock "0:00:25"]

1. d4 Nf6 2. Nf3 c5 3. d5 e6 4. c4 exd5 5. cxd5 d6 6. Nc3 g6 7. e4 Bg7 8. h3 O-O 9. Bd3 a6 10. a4 Re8 11. O-O Nbd7 12. Re1 Nh5 13. Bg5 Bf6 14. Be3 Ne5 15. Be2 Nxf3+ 16. Bxf3 Ng7 17. Qd2 h5 18. Be2 Rb8 19. a5 b5 20. axb6 Rxb6 21. Bc4 Qc7 22. Bf4 h4 23. Rad1 Nh5 24. Bg5 Qe7 25. Bxf6 Qxf6 26. e5 Rxe5 27. Rxe5 dxe5 28. Ne4 Qd8 29. d6 Bf5 30. Nxc5 Nf4 31. d7 Rc6 32. b4 a5 33. Bb5 Rb6 34. Bc4 axb4 35. Qa2 Ne6 36. Bxe6 Bxe6 37. Nxe6 fxe6 38. Qa7 Rb8 39. Qxb8 Qxb8 40. d8=Q+ Qxd8 41. Rxd8+ Kf7 42. Rb8 Kf6 43. Rxb4 Kf5 44. f3 g5 45. Kf2 Kf6 46. Ke3 Kf5 47. Rb5 Kf6 48. Ke4 Kg6 49. Kxe5 Kf7 50. Rb6 Kg6 51. Kxe6 Kh5 52. Kf5 g4 53. fxg4# 1-0


[Site "https://www.chess.com"]

[Event "Titled Tuesday Blitz August 3 2021"]
[White "Assaubayeva, Bibisara"]
[Black "Lazavik, Denis"]
[WhiteFideId "13708694"]
[BlackFideId "13515110"]
[WhiteElo "2232"]
[BlackElo "2436"]
[Result "1-0"]
[Round "06"]
[TimeControl "180+1"]
[Date "2021.08.03"]
[WhiteClock "0:00:07"]
[BlackClock "0:00:02"]

1. d4 d5 2. c4 c6 3. Nf3 Nf6 4. e3 Bf5 5. Nc3 e6 6. Nh4 Be4 7. f3 Bg6 8. Qb3 Qc7 9. Bd2 Be7 10. Nxg6 hxg6 11. cxd5 cxd5 12. O-O-O Nc6 13. Kb1 a6 14. Rc1 Rc8 15. Bd3 Nd7 16. Ne2 Qb6 17. Qxb6 Nxb6 18. a3 Kd7 19. h3 Na7 20. Rxc8 Rxc8 21. Rc1 Nc4 22. Bxc4 dxc4 23. e4 b5 24. Ka2 Nc6 25. Bc3 Bf6 26. Rd1 Ne7 27. f4 Ng8 28. d5 Bxc3 29. Nxc3 Ne7 30. d6 Nc6 31. e5 g5 32. g3 Rh8 33. Ne4 gxf4 34. gxf4 Rxh3 35. Nc5+ Kd8 36. d7 Rh8 37. Rd6 Kc7 38. Nxa6+ Kb7 39. Nc5+ Kc7 40. b3 cxb3+ 41. Kxb3 g5 42. Na6+ Kb7 43. Nb4 Nd8 44. fxg5 Rh3+ 45. Nd3 Kc7 46. Kb4 Nb7 47. Rd4 Rg3 48. Nc5 Nd8 49. Ne4 Rg4 50. Kxb5 Nb7 51. Rc4+ Kb8 52. Kb6 1-0


[Site "https://www.chess.com"]

[Event "Titled Tuesday Blitz August 3 2021"]
[White "Ataman, Alper Efe"]
[Black "Nefedov, Sergey"]
[WhiteFideId "6301606"]
[BlackFideId "24113417"]
[WhiteElo "2023"]
[BlackElo "2385"]
[Result "1-0"]
[Round "06"]
[TimeControl "180+1"]
[Date "2021.08.03"]
[WhiteClock "0:01:10"]
[BlackClock "0:00:28"]

1. d4 Nf6 2. c4 e6 3. Nc3 d5 4. cxd5 exd5 5. Bg5 c6 6. e3 Be7 7. Qc2 Nbd7 8. Bd3 h6 9. Bh4 b6 10. Nge2 Bb7 11. O-O O-O 12. Rad1 Rc8 13. f3 c5 14. Bf2 Re8 15. g4 Nf8 16. Nf4 Bd6 17. Bf5 Ne6 18. Bxe6 fxe6 19. Qg6 cxd4 20. Nb5 dxe3 21. Bxe3 e5 22. Nxd6 Qxd6 23. Nh5 Re6 24. Qxg7# 1-0


[Site "https://www.chess.com"]

[Event "Titled Tuesday Blitz August 3 2021"]
[White "Babazada, Khazar"]
[Black "Quparadze, Giga"]
[WhiteFideId "13413554"]
[BlackFideId "13602250"]
[WhiteElo "2344"]
[BlackElo "2658"]
[Result "0-1"]
[Round "06"]
[TimeControl "180+1"]
[Date "2021.08.03"]
[WhiteClock "0:00:14"]
[BlackClock "0:00:06"]

1. e4 c5 2. Nf3 e6 3. d4 cxd4 4. Nxd4 a6 5. Bd3 g6 6. O-O Bg7 7. Nb3 Nc6 8. Nc3 Nge7 9. f4 d5 10. Qe1 dxe4 11. Nxe4 O-O 12. Bd2 Bxb2 13. Bc3 Bxc3 14. Qxc3 Nd5 15. Qb2 f5 16. Ng5 Qf6 17. Qa3 Nxf4 18. Nxh7 Nh3+ 19. gxh3 Kxh7 20. Rae1 b6 21. Qd6 e5 22. Qc7+ Rf7 23. Qxb6 Bb7 24. Qf2 Nb4 25. Be4 Nd5 26. Qg3 Nf4 27. Bxb7 Rxb7 28. Nd2 Rc8 29. c4 Rb2 30. Rf2 Rcb8 31. c5 g5 32. Qc3 R8b5 33. c6 Rb8 34. c7 Rc8 35. Qxb2 Rxc7 36. Qb3 e4 37. Qg3 Rc3 38. Re3 Rc1+ 39. Nf1 Nh5 40. Qb8 Qd4 41. Qb3 f4 42. Qf7+ Ng7 43. Rb3 e3 44. Re2 Rxf1+ 45. Kxf1 Qd1+ 46. Re1 Qf3+ 47. Kg1 Qf2+ 0-1


[Site "https://www.chess.com"]

[Event "Titled Tuesday Blitz August 3 2021"]
[White "Baskin, Robert"]
[Black "Piesik, Piotr"]
[WhiteFideId "24662402"]
[BlackFideId "1136194"]
[WhiteElo "2462"]
[BlackElo "2354"]
[Result "1/2-1/2"]
[Round "06"]
[TimeControl "180+1"]
[Date "2021.08.03"]
[WhiteClock "0:00:04"]
[BlackClock "0:00:09"]

1. e4 g6 2. d4 Bg7 3. Nc3 c6 4. Nf3 d6 5. Be3 Nf6 6. Qd2 O-O 7. Bd3 Nbd7 8. h3 Qc7 9. Ne2 e5 10. c3 d5 11. Nxe5 Nxe5 12. dxe5 Nxe4 13. Bxe4 dxe4 14. Bc5 Re8 15. Bd6 Qb6 16. O-O-O Be6 17. Kb1 Bf5 18. Qe3 Qxe3 19. fxe3 Bxe5 20. Bxe5 Rxe5 21. g4 Be6 22. Nf4 Kf8 23. Rd6 Re8 24. Rhd1 Bc4 25. b3 Bd3+ 26. Kb2 Ba6 27. c4 R8e7 28. h4 h6 29. Kc3 Kg7 30. b4 Rc7 31. a4 b6 32. Rd8 Bc8 33. Rg1 a5 34. g5 axb4+ 35. Kxb4 hxg5 36. hxg5 Bf5 37. Rh1 Rc8 38. Rhh8 Rxd8 39. Rxd8 Bg4 40. Rd6 c5+ 41. Kb5 Rxg5 42. Kxb6 Re5 43. a5 g5 44. Nd5 Bc8 45. a6 Bxa6 46. Kxa6 g4 47. Kb5 g3 48. Nf4 Rg5 49. Rd5 Rg4 50. Rd2 Kf6 51. Kxc5 Kf5 52. Rd5+ Kf6 53. Rd2 Kf5 54. Rg2 Rg8 55. Kd4 Rd8+ 56. Kc3 Kg4 57. c5 Kf3 58. Rd2 Rc8 59. Kd4 Rd8+ 60. Nd5 g2 61. Rxg2 Kxg2 62. Kxe4 Kf2 63. c6 Rc8 64. c7 Ke2 65. Ke5 Rxc7 66. Nxc7 Kxe3 67. Kf6 Kd4 68. Kxf7 1/2-1/2


[Site "https://www.chess.com"]

[Event "Titled Tuesday Blitz August 3 2021"]
[White "Batsuren, Dambasuren"]
[Black "Hansen, Eric"]
[WhiteFideId "4902920"]
[BlackFideId "2606771"]
[WhiteElo "2371"]
[BlackElo "2568"]
[Result "1-0"]
[Round "06"]
[TimeControl "180+1"]
[Date "2021.08.03"]
[WhiteClock "0:00:03"]
[BlackClock "0:00:01"]

1. d4 Nf6 2. c4 g6 3. Nc3 d5 4. Bf4 Bg7 5. e3 O-O 6. Rc1 c6 7. Nf3 Bg4 8. h3 Bxf3 9. Qxf3 e6 10. Bd3 Nbd7 11. O-O dxc4 12. Bxc4 Qe7 13. Bh2 e5 14. Rfd1 exd4 15. exd4 Nb6 16. Bb3 Rad8 17. Re1 Qb4 18. Bc7 Rde8 19. Be5 Nfd7 20. Bxg7 Rxe1+ 21. Rxe1 Kxg7 22. Qf4 a5 23. Re8 Nf6 24. Rxf8 Qxf8 25. Qc7 Nbd7 26. Qxa5 Qd6 27. d5 b6 28. Qa3 c5 29. Qa4 Qe5 30. Qh4 Qe1+ 31. Kh2 Qd2 32. Qg3 Qxb2 33. d6 Qd2 34. Nb5 Ne4 35. Qe3 Qxe3 36. fxe3 Kf6 37. Bd5 Nd2 38. Nc7 1-0


[Site "https://www.chess.com"]

[Event "Titled Tuesday Blitz August 3 2021"]
[White "Bazarov, Konstantin"]
[Black "Fernandez Hernandez, Arturo A."]
[WhiteFideId "4137000"]
[BlackFideId "3509230"]
[WhiteElo "2190"]
[BlackElo "2400"]
[Result "0-1"]
[Round "06"]
[TimeControl "180+1"]
[Date "2021.08.03"]
[WhiteClock "0:00:51"]
[BlackClock "0:01:11"]

1. d4 Nf6 2. c4 e6 3. Nc3 d5 4. Bg5 Be7 5. e3 O-O 6. Nf3 c6 7. Qc2 Nbd7 8. cxd5 Nxd5 9. Bxe7 Qxe7 10. Be2 Nxc3 11. Qxc3 c5 12. dxc5 Nxc5 13. b4 Na4 14. Qb3 Nb6 15. O-O e5 16. Qb2 f6 17. a4 Be6 18. a5 Nd5 19. b5 Rac8 20. Rfd1 Nc3 21. Rdc1 Nxe2+ 22. Qxe2 Qb4 23. a6 b6 24. Rcb1 Qc3 25. Nd2 Rfd8 26. Ne4 Qc2 27. Qxc2 Rxc2 28. Rd1 Rxd1+ 29. Rxd1 Kf7 30. f3 Ke7 31. Nd6 Rc5 32. e4 Bd7 33. Kf2 g6 34. Ke3 Bxb5 35. g3 Bxa6 36. f4 Rc3+ 37. Kf2 Rc6 38. fxe5 fxe5 39. Ke3 Rxd6 40. Rb1 Bb7 41. Ra1 a5 0-1


[Site "https://www.chess.com"]

[Event "Titled Tuesday Blitz August 3 2021"]
[White "Bazeev, German"]
[Black "Skatchkov, Pavel"]
[WhiteFideId "24119350"]
[BlackFideId "4121848"]
[WhiteElo "2462"]
[BlackElo "2476"]
[Result "1-0"]
[Round "06"]
[TimeControl "180+1"]
[Date "2021.08.03"]
[WhiteClock "0:00:47"]
[BlackClock "0:00:01"]

1. d4 Nf6 2. Nf3 e6 3. c4 d5 4. g3 Be7 5. Bg2 O-O 6. O-O a5 7. Qc2 c6 8. Bg5 b6 9. Nbd2 Bb7 10. Rfd1 Na6 11. a3 Rc8 12. Bxf6 Bxf6 13. e4 Be7 14. Rac1 Rc7 15. h4 Qc8 16. Bh3 Qa8 17. Qb1 h6 18. cxd5 cxd5 19. e5 Rfc8 20. Bf1 Bc6 21. Qd3 Bb5 22. Qb1 Ba4 23. Rxc7 Rxc7 24. Rc1 Rc8 25. h5 Be8 26. Bd3 b5 27. Rxc8 Qxc8 28. Qf1 Qb7 29. Bb1 b4 30. Qd3 g6 31. hxg6 fxg6 32. a4 Kg7 33. b3 Qc6 34. Nf1 Qc3 35. Qxa6 Qxf3 36. Qxe6 Kf8 37. Ne3 Qe2 38. Bxg6 Bxg6 39. Qxg6 Qd1+ 1-0


[Site "https://www.chess.com"]

[Event "Titled Tuesday Blitz August 3 2021"]
[White "Begunov, Konstantin"]
[Black "AshotParvanyan"]
[WhiteFideId "4118510"]
[WhiteElo "2262"]
[BlackElo "2556"]
[Result "1-0"]
[Round "06"]
[TimeControl "180+1"]
[Date "2021.08.03"]
[WhiteClock "0:00:14"]
[BlackClock "0:00:01"]

1. d4 Nf6 2. c4 g6 3. f3 Bg7 4. e4 d6 5. Nc3 O-O 6. Be3 c5 7. dxc5 dxc5 8. Qxd8 Rxd8 9. Bxc5 Nc6 10. Nd5 Nd7 11. Nxe7+ Nxe7 12. Bxe7 Bxb2 13. Bxd8 Bxa1 14. Ne2 Ne5 15. Nf4 Nc6 16. Bc7 b6 17. Be2 Bd4 18. Kd2 Ba6 19. Nd5 Kg7 20. Rc1 Bc5 21. Bf4 Na5 22. Nc7 Rd8+ 23. Kc3 Bd4+ 24. Kb4 Bb7 25. Rd1 Nc6+ 26. Kb5 Rc8 27. Nd5 Bc5 28. Be3 Ne5 29. Bd4 Bc6+ 30. Ka6 Bxd4 31. Rxd4 Nd7 32. Nb4 Nc5+ 33. Kxa7 Be8 34. Kxb6 Ne6 35. Rd6 Rb8+ 36. Ka5 Nc5 37. Na6 Nb7+ 38. Kb6 Nxd6+ 39. Kc7 Ra8 40. c5 1-0


[Site "https://www.chess.com"]

[Event "Titled Tuesday Blitz August 3 2021"]
[White "Bluebaum, Matthias"]
[Black "MikeKorovin"]
[WhiteFideId "24651516"]
[WhiteElo "2685"]
[BlackElo "2726"]
[Result "1-0"]
[Round "06"]
[TimeControl "180+1"]
[Date "2021.08.03"]
[WhiteClock "0:01:10"]
[BlackClock "0:00:01"]

1. d4 e6 2. c4 Nf6 3. Nc3 Bb4 4. e3 O-O 5. Bd2 d6 6. Bd3 e5 7. Nge2 Bxc3 8. Nxc3 exd4 9. exd4 Re8+ 10. Be2 Nc6 11. Be3 d5 12. b3 Be6 13. O-O h6 14. Rc1 Qd6 15. Qd2 Rad8 16. Rfd1 a6 17. h3 Bf5 18. Bf3 Be4 19. Nxe4 Nxe4 20. Qc2 f5 21. cxd5 Qxd5 22. Qc4 f4 23. Bxf4 Qxc4 24. Rxc4 Nd6 25. Bxc6 bxc6 26. Rxc6 Nb5 27. Be3 Rd6 28. Rdc1 Ree6 29. d5 Rxc6 30. dxc6 Kf7 31. a4 Nd6 32. Bf4 Nf5 33. Bxc7 Nd4 34. Kh2 Rxc6 35. Rxc6 Nxc6 36. Bd6 Ke6 37. Bf8 Kf7 38. Bc5 g6 39. b4 Ke6 40. b5 axb5 41. axb5 Ne5 42. Be3 h5 43. Kg3 Nc4 44. b6 Nd6 45. Kh4 Kf5 46. g4+ hxg4 47. hxg4+ Kf6 48. Bf4 Nb7 49. Bd2 Nc5 50. f3 Kf7 51. Kg5 Ne6+ 52. Kh6 Nd8 53. Bb4 Nb7 54. f4 Nd8 55. Kh7 Nb7 56. g5 Nd8 57. f5 gxf5 58. g6+ Ke6 59. g7 1-0


[Site "https://www.chess.com"]

[Event "Titled Tuesday Blitz August 3 2021"]
[White "Costachi, Mihnea"]
[Black "Cunjalo, Faris"]
[WhiteFideId "1217518"]
[BlackFideId "14410710"]
[WhiteElo "2482"]
[BlackElo "2234"]
[Result "1-0"]
[Round "06"]
[TimeControl "180+1"]
[Date "2021.08.03"]
[WhiteClock "0:01:35"]
[BlackClock "0:00:29"]

1. d4 e6 2. c4 b6 3. e4 Bb4+ 4. Bd2 Bxd2+ 5. Qxd2 Bb7 6. Bd3 d6 7. Nc3 Nd7 8. Nf3 e5 9. O-O Ngf6 10. Rad1 O-O 11. Bc2 Re8 12. Rfe1 h6 13. h3 c6 14. b4 Qe7 15. d5 cxd5 16. Nxd5 Nxd5 17. cxd5 Rec8 18. Rc1 b5 19. a4 a6 20. axb5 axb5 21. Bd3 Ba6 22. Rc6 Rxc6 23. dxc6 Nb6 24. Qe2 Nc4 25. Nd2 Qe6 26. Ra1 Nxd2 27. Qxd2 Qc8 28. Qc2 Rb8 29. c7 Rb6 30. Rc1 Bb7 31. Be2 Rc6 32. Qxc6 1-0


[Site "https://www.chess.com"]

[Event "Titled Tuesday Blitz August 3 2021"]
[White "Csonka, Balazs"]
[Black "Isajevsky, Anton"]
[WhiteFideId "742910"]
[BlackFideId "4142500"]
[WhiteElo "2404"]
[BlackElo "2510"]
[Result "1-0"]
[Round "06"]
[TimeControl "180+1"]
[Date "2021.08.03"]
[WhiteClock "0:00:06"]
[BlackClock "0:00:01"]

1. d4 d5 2. Bg5 h6 3. Bh4 c6 4. e3 Qb6 5. b3 Bf5 6. Nf3 e6 7. Bd3 Bxd3 8. Qxd3 Be7 9. Bg3 Nf6 10. O-O a5 11. c4 a4 12. Nc3 Qa6 13. Qb1 a3 14. c5 Nbd7 15. b4 b5 16. Qc1 O-O 17. Rb1 Ne4 18. Nxe4 dxe4 19. Nd2 f5 20. Rb3 Nf6 21. Nb1 Qa4 22. Bd6 Nd5 23. Nc3 Nxc3 24. Qxc3 Rf7 25. Rc1 Bf6 26. h3 Rfa7 27. Rd1 Qa6 28. Qc2 Qc8 29. Rf1 Qe8 30. f3 exf3 31. Rxf3 Qg6 32. Qf2 Kh7 33. Rg3 Qh5 34. Qf3 Qf7 35. Rd3 Qd7 36. e4 fxe4 37. Qxe4+ Kh8 38. Rdf3 Qf7 39. Rg6 1-0


[Site "https://www.chess.com"]